 Dungeon Crawl Stone Soup version 0.21.1-1-g345015fe64 (webtiles) character file.

130 RepoMan the Magician (level 4, -4/30 HPs)
             Began as a Mummy Wizard on Apr 25, 2018.
             Slain by a worker ant (7 damage)
             ... on level 2 of the Dungeon.
             The game lasted 00:11:27 (1980 turns).

RepoMan the Magician (Mummy Wizard)                 Turns: 1980, Time: 00:11:28

Health: -4/30      AC:  2    Str: 10    XL:     4   Next: 90%
Magic:  4/10       EV: 12    Int: 18    God:
Gold:   70         SH:  0    Dex: 10    Spells: 1/12 levels left

rFire    x . .     SeeInvis .   g - +0 spear
rCold    + . .     Gourm    .   (no shield)
rNeg     + + +     Faith    .   a - +0 robe
rPois    ∞         Spirit   .   b - +0 hat
rElec    .         Reflect  .   (no cloak)
rCorr    .         Harm     .   (no gloves)
MR       .....                  (no boots)
Stlth    ++........             (no amulet)
HPRegen  0.10/turn              (no ring)
MPRegen  0.12/turn              (no ring)

@: no status effects
A: no food or potions, fire vulnerability, cold resistance 1, negative energy
resistance 3, torment resistance, unbreathing
a: no special abilities


You were on level 2 of the Dungeon.
You were not hungry.

You visited 1 branch of the dungeon, and saw 3 of its levels.

You collected 70 gold pieces.

Inventory:

Hand Weapons
 g - a +0 spear (weapon)
Armour
 a - a +0 robe (worn)
 b - a +0 hat (worn)
Scrolls
 d - a scroll of enchant armour {unknown}
 e - a scroll of remove curse {unknown}
 f - 3 scrolls of magic mapping {unknown}
Books
 c - a book of Minor Magic

   Spells                             Type                      Level
   a - Magic Dart                     Conjuration                  1
   b - Blink                          Translocation                2
   c - Call Imp                       Summoning                    2
   d - Slow                           Hexes                        2
   e - Conjure Flame                  Conjuration/Fire             3
   f - Mephitic Cloud                 Conjuration/Poison/Air       3


   Skills:
 + Level 2.3 Dodging
 - Level 1.5 Stealth
 + Level 4.7 Spellcasting
 * Level 2.6 Conjurations
 - Level 0.7 Summonings
 + Level 1.3 Translocations
 + Level 0.4 Fire Magic


You had one spell level left.
You knew the following spells:

 Your Spells              Type           Power        Failure   Level  Hunger
b - Blink                 Tloc           N/A          12%         2    N/A
c - Conjure Flame         Conj/Fire      #.......     22%         3    N/A
i - Call Imp              Summ           #.......     16%         2    N/A
m - Mephitic Cloud        Conj/Pois/Air  #.......     28%         3    N/A
z - Magic Dart            Conj           ##..         4%          1    N/A

Dungeon Overview and Level Annotations

Branches:
Dungeon (3/15)

Altars:

Annotations:
D:2 Sigmund
D:3 Gargoyl's ghost, amateur CeAK


Innate Abilities, Weirdness & Mutations

You do not eat or drink.
Your flesh is vulnerable to fire.
You are immune to poison.
Your flesh is cold resistant. (rC+)
You are immune to negative energy. (rN+++)
You are immune to unholy pain and torment.
You can survive without breathing.


Message History

Press: ? - help, v - describe, . - travel, g - get item A bat skeleton.
The floor.
Unknown command.
Your magical contamination has completely faded away.
You see here a club.
Gargoyl's ghost proudly claims, "A renegade god deserves renegade ghosts."
You hear a zap.
You hear a grinding noise.
Gargoyl's ghost whispers, "They're coming for you..."
There is a stone staircase leading down here.
There is a stone staircase leading up here.
You climb upwards.
Level annotation: Sigmund The jackal barks!
The jackal barely misses you. The worker ant bites you.
* * * LOW HITPOINT WARNING * * *
The jackal barely misses you.
There is a stone staircase leading down here.
The worker ant bites you!
You die...

###### .......
#$..... .# #.....
...# ####!h.. #.#.
##....## ###
##...####....h.##.^..
.......##...>h.......
#..#......a@.......
#..................
#...#.#.............
.... #<#............?
## #.#............[
................
.................
.#................
#.....#......


You could see a worker ant and 3 jackals.

Vanquished Creatures
  A howler monkey (D:3)
  Natasha (twice) (D:3)
  An adder (D:3)
  2 dart slugs
  6 bats
  3 giant cockroaches
  3 goblins (D:1)
  2 hobgoblins (D:3)
  7 jackals (D:1)
  4 kobolds (D:1)
  3 rats (D:1)
34 creatures vanquished.

Notes
Turn   | Place    | Note
-------+----------+-------------------------------------------
     0 | D:1      | RepoMan the Mummy Wizard began the quest for the Orb.
     0 | D:1      | Reached XP level 1. HP: 13/13 MP: 5/5
   113 | D:1      | Reached skill level 1 in Conjurations
   298 | D:1      | Reached XP level 2. HP: 18/19 MP: 0/7
   547 | D:1      | Learned a level 2 spell: Blink
   550 | D:1      | Learned a level 2 spell: Call Imp
  1303 | D:1      | Reached XP level 3. HP: 19/24 MP: 2/8
  1440 | D:2      | Noticed Sigmund
  1557 | D:3      | Reached skill level 1 in Translocations
  1571 | D:3      | Reached XP level 4. HP: 22/30 MP: 4/10
  1710 | D:3      | Learned a level 3 spell: Conjure Flame
  1714 | D:3      | Learned a level 3 spell: Mephitic Cloud
  1725 | D:3      | Noticed Natasha
  1733 | D:3      | Killed Natasha
  1931 | D:3      | Noticed Natasha
  1936 | D:3      | Noticed Gargoyl's ghost (amateur CeAK)
  1943 | D:3      | Killed Natasha
  1980 | D:2      | Slain by a worker ant

Skill      XL: |  1  2  3 |
---------------+----------+-----
Conjurations   | 1 2 |  2.6
Dodging        | 2 |  2.3
Translocations | 1 |  1.3
Stealth        | |  1.5
Spellcasting   | |  4.7
Summonings     | |  0.7
Fire Magic     | |  0.4

Action                   |  1- 3 |  4- 6 || total
-------------------------+-------+-------++-------
Melee: Unarmed           |    28 |       ||    28
       Spear             |    30 |    17 ||    47
 Cast: Magic Dart        |    79 |    27 ||   106
Armor: Robe              |    23 |       ||    23
Dodge: Dodged            |    55 |    14 ||    69
